 Dungeon Crawl Stone Soup version 0.21-a0-401-g0b6bec4 (webtiles) character file.

116 SCCSCCS the Shield-Bearer (level 4, -7/35 HPs)
             Began as a Demonspawn Fighter on Oct 25, 2017.
             Killed by nerve-wracking pain
             ... invoked by Grinder
              (12 damage)
             ... on level 3 of the Dungeon.
             The game lasted 00:08:53 (2047 turns).

SCCSCCS the Shield-Bearer (Demonspawn Fighter)      Turns: 2047, Time: 00:08:54

Health: -7/35      AC:  8    Str: 22    XL:     4   Next: 70%
Magic:  4/4        EV: 11    Int: 10    God:
Gold:   195        SH: 10    Dex: 12    Spells: 3/3 levels left

rFire    + . .     SeeInvis .   a - +2 war axe
rCold    x . .     Gourm    .   c - +1 shield
rNeg     . . .     Faith    .   b - +0 scale mail
rPois    .         Spirit   .   (no helmet)
rElec    .         Reflect  .   (no cloak)
rCorr    .         Harm     .   l - +0 pair of gloves
MR       .....                  (no boots)
Stlth    ..........             (no amulet)
HPRegen  0.11/turn              k - ring of fire
MPRegen  0.09/turn              (no ring)

@: mighty, repel missiles
A: repulsion field 3
a: no special abilities


You were on level 3 of the Dungeon.
You were not hungry.

You visited 1 branch of the dungeon, and saw 3 of its levels.

You collected 195 gold pieces.

Inventory:

Hand Weapons
 a - a +2 war axe (weapon)
Armour
 b - a +0 scale mail (worn)
 c - a +1 shield (worn)
 h - a +0 ring mail
 l - a +0 pair of gloves (worn)
Jewellery
 k - a ring of fire (left hand)
Scrolls
 m - a scroll of teleportation
Potions
 j - a potion of curing {unknown}
 n - a potion of ambrosia {unknown}
Comestibles
 f - 3 bread rations
 g - a meat ration


   Skills:
 + Level 3.5 Fighting
 * Level 2.9 Axes
 + Level 3.2 Armour
 * Level 3.6 Shields


You had 3 spell levels left.
You didn't know any spells.

Dungeon Overview and Level Annotations

Branches:
Dungeon (3/15)

Altars:

Annotations:
D:3 Grinder


Innate Abilities, Weirdness & Mutations

You are surrounded by a strong repulsion field. (EV +4, RMsl)


Message History

You block Grinder's attack.
Unknown command.
You feel very mighty all of a sudden. You block Grinder's attack.
You slash Grinder!
Grinder is heavily wounded.
Grinder gestures at you. You resist with significant effort.
You closely miss Grinder.
Grinder is heavily wounded.
Grinder hits you but does no damage.
You closely miss Grinder.
Grinder is heavily wounded.
Grinder blinks!
Grinder gestures at you. You resist with significant effort.
It was a potion of magic.
Magic courses through your body. Grinder gestures at you.
Pain shoots through your body!
You die...

#.# #.# #.# #.#
#.# #.# #.# #.#
#.# #.# #.# #.#
#5#
##.##########@#
.###......)......#
.......###########
####...#
#...######
#........#
####.#.####.#
...#.#.# ..<..#.#


You could see Grinder.

Vanquished Creatures
  A worker ant (D:2)
  3 adders (D:2)
  A worm (D:2)
  4 dart slugs
  A leopard gecko (D:1)
  A ball python (D:2)
  2 giant cockroaches (D:2)
  8 hobgoblins
  3 jackals (D:1)
  4 kobolds
  9 bats
  5 frilled lizards
  5 goblins
  8 rats
55 creatures vanquished.

Notes
Turn   | Place    | Note
-------+----------+-------------------------------------------
     0 | D:1      | SCCSCCS the Demonspawn Fighter began the quest for the Orb.
     0 | D:1      | Reached XP level 1. HP: 18/18 MP: 1/1
   187 | D:1      | Gained mutation: You are surrounded by a mild repulsion field. (EV +2) [demonic ancestry]
   187 | D:1      | Reached XP level 2. HP: 23/24 MP: 2/2
   557 | D:1      | Gained mutation: You are surrounded by a moderate repulsion field. (EV +3) [demonic ancestry]
   557 | D:1      | Reached XP level 3. HP: 23/29 MP: 3/3
  1410 | D:2      | Gained mutation: You are surrounded by a strong repulsion field. (EV +4, RMsl) [demonic ancestry]
  1410 | D:2      | Reached XP level 4. HP: 35/35 MP: 4/4
  2016 | D:3      | Noticed Grinder
  2016 | D:3      | Paralysed by Grinder for 7 turns
  2037 | D:3      | Paralysed by Grinder for 2 turns
  2047 | D:3      | Killed from afar by Grinder

Vault maps used:
D:1:      nzn_arrival_water_spiral, serial_corexii_hall, corexii_hall_statues_s,
          corexii_hall_statues_i, hangedman_feature_mirror,
          corexii_item_surrounded_by_moat
D:2:      first_bread
D:3:      uniq_grinder

Skill      XL: |  1  2  3 |
---------------+----------+-----
Axes           | 2 |  2.9
Shields        | 3 |  3.6
Armour         | 3 |  3.2
Fighting       | |  3.5

Action                   |  1- 3 |  4- 6 || total
-------------------------+-------+-------++-------
Melee: War axe           |   126 |    66 ||   192
  Use: Scroll            |     5 |     2 ||     7
       Potion            |       |     2 ||     2
  Eat: Meat ration       |     1 |       ||     1
Armor: Scale mail        |    59 |    20 ||    79
Dodge: Dodged            |    63 |    24 ||    87
Block: Shield            |    71 |    35 ||   106

Table legend:
 A = Spawn XP
 B = Non-spawn XP
 C = Spawn XP percentage of total XP
 D = Spawn monster count
 E = Non-spawn monster count
 F = Spawn count percentage of total count
 G = Total turns spent on level
                    A         B        C        D         E        F      G
               +---------+---------+-------+---------+---------+-------+---------
         Total |       0 |     167 |   0.0 |       0 |      55 |   0.0 |  2047
               +---------+---------+-------+---------+---------+-------+---------
           D:1 |       0 |      44 |   0.0 |       0 |      23 |   0.0 |   739
           D:2 |       0 |     116 |   0.0 |       0 |      28 |   0.0 |  1156
           D:3 |       0 |       7 |   0.0 |       0 |       4 |   0.0 |   152
               +---------+---------+-------+---------+---------+-------+---------
